 Dungeon Crawl Stone Soup version 0.25-a0-190-g27fffb8c76 (webtiles) character file.

Game seed: 1249370849800337268, levelgen mode: deterministic

588185 Gargoyl the Schismatic (level 26, -3/203 HPs)
             Began as a Centaur Abyssal Knight on Nov 30, 2019.
             Was an Elder of Lugonu.
             Slain by an Ice Fiend (22 damage)
             ... summoned by an ancient lich
             ... on level 1 of the Tomb of the Ancients.
             The game lasted 02:11:15 (57717 turns).

Gargoyl the Schismatic (Centaur Abyssal Knight)    Turns: 57717, Time: 02:11:16

Health: -3/203     AC: 43    Str: 32    XL:     26   Next: 13%
Magic:  37/37      EV: 14    Int:  8    God:    Lugonu [****..]
Gold:   4830       SH:  0    Dex: 17    Spells: 25/25 levels left

rFire    + + +     SeeInvis .   W - +9 broad axe (holy)
rCold    + . .     Gourm    .   a - +7 shield "Sesahel" {rCorr Str+4 Int-3 Slay+2}
rNeg     + . .     Faith    .   o - +7 chain mail of the Gardener {rPois rF++ rCorr}
rPois    +         Spirit   .   V - +2 helmet "Rolif" {rF+ Str-3 Dex+3 Slay+5}
rElec    +         Reflect  .   Y - +2 cloak {rPois}
rCorr    +         Harm     .   z - +3 pair of gauntlets of War {Slay+5}
MR       +....                  A - +4 centaur barding {Stlth+}
Stlth    ..........             h - amulet of regeneration
HPRegen  0.83/turn              l - ring "Ciedin" {Fire rElec Str+5 Slay+2}
MPRegen  0.25/turn              N - ring "Latreina" {rF- rC++ rN+ Str+4}

@: confused, slowed, lightly drained
A: large, hooves 3, blink, deformed body, speed 2, frail 1, shaggy fur 1, tough
skin 3, wild magic 1, no potion heal 1
}: 3/15 runes: serpentine, barnacled, silver
a: Blink, Depart the Abyss, Bend Space, Banish, Corrupt, Renounce Religion


You were on level 1 of the Tomb of the Ancients.
You worshipped Lugonu.
Lugonu was greatly pleased with you.
You were near starving.

You visited 10 branches of the dungeon, and saw 45 of its levels.
You visited the Abyss 11 times.
You also visited: Gauntlet, Ice Cave and Desolation.

You collected 7642 gold pieces.
You spent 2812 gold pieces at shops.

Inventory:

Hand Weapons
 F - the +9 scimitar "Myni Xoschua" {vamp, +Blink rElec rN+ Stlth-}
   (You took it off a crimson imp on level 9 of the Dungeon)

   It inflicts no extra harm, but heals its wielder when it wounds a living foe.
   It insulates you from electricity.
   It protects you from negative energy.
   It lets you blink.
   It makes you less stealthy.
 U - a +5 broad axe of distortion
 W - a +9 broad axe of holy wrath (weapon)
Missiles
 L - 17 silver boomerangs (quivered)
Armour
 a - the +7 shield "Sesahel" (worn) {rCorr Str+4 Int-3 Slay+2}
   (You acquired it on level 1 of the Abyss)

   It affects your strength (+4).
   It affects your intelligence (-3).
   It affects your accuracy and damage with ranged weapons and melee attacks
   (+2).
   It provides partial protection from all sources of acid and corrosion.
 o - the +7 chain mail of the Gardener (worn) {rPois rF++ rCorr}
   (You found it on level 5 of the Vaults)

   It greatly protects you from fire.
   It protects you from poison.
   It provides partial protection from all sources of acid and corrosion.
 z - the +3 pair of gauntlets of War (worn) {Slay+5}
   (You acquired it on level 5 of the Lair of Beasts)

   It affects your accuracy and damage with ranged weapons and melee attacks
   (+5).
 A - a +4 centaur barding of stealth (worn)
 R - the +3 plate armour of Birdsong {-Tele rF+ Dex+9}
   (You found it on level 1 of the Lair of Beasts)

   It affects your dexterity (+9).
   It protects you from fire.
   It prevents most forms of teleportation.
 V - the +2 helmet "Rolif" (worn) {rF+ Str-3 Dex+3 Slay+5}
   (You acquired it on level 3 of the Lair of Beasts)

   It affects your strength (-3).
   It affects your dexterity (+3).
   It affects your accuracy and damage with ranged weapons and melee attacks
   (+5).
   It protects you from fire.
 Y - a +2 cloak of poison resistance (worn)
Jewellery
 e - the ring "Leudiqil" {+Fly rC+ MR+ Str+3}
   (You found it on level 2 of the Abyss)

   [ring of flight]

   It affects your strength (+3).
   It protects you from cold.
   It affects your resistance to hostile enchantments.
   It lets you fly.
 h - an amulet of regeneration (around neck)
 i - the ring of Obsession {rF+ rC+ MR+ MP+9 Stlth-}
   (You found it on level 2 of the Vaults)

   [ring of attention]

   It protects you from fire.
   It protects you from cold.
   It affects your resistance to hostile enchantments.
   It affects your magic capacity (+9).
   It makes you less stealthy.
 l - the ring "Ciedin" (left hand) {Fire rElec Str+5 Slay+2}
   (You found it on level 6 of the Lair of Beasts)

   [ring of fire]

   It enhances your fire magic.
   It affects your strength (+5).
   It affects your accuracy and damage with ranged weapons and melee attacks
   (+2).
   It protects you from fire.
   It makes you vulnerable to cold.
   It insulates you from electricity.
 m - the ring "Aduntaur" {rPois rF+ rCorr}
   (You found it in the Desolation of Salt)

   [ring of resist corrosion]

   It protects you from fire.
   It protects you from poison.
   It provides partial protection from all sources of acid and corrosion.
 D - a +3 ring of strength {unknown}
 E - an uncursed ring of positive energy
 K - the ring of Okawaru's Wrath {Fire Dex+5}
   (You took it off a yaktaur on level 5 of the Vaults)

   [ring of fire]

   It enhances your fire magic.
   It affects your dexterity (+5).
   It protects you from fire.
   It makes you vulnerable to cold.
 N - the ring "Latreina" (right hand) {rF- rC++ rN+ Str+4}
   (You found it on level 3 of the Crypt)

   [ring of positive energy]

   It affects your strength (+4).
   It makes you vulnerable to fire.
   It greatly protects you from cold.
   It protects you from negative energy.
 O - the amulet "Xeon" {Reflect Int+2 SH+2 Stlth+}
   (You bought it in a shop on level 3 of the Snake Pit)

   [amulet of reflection]

   It shields you and reflects attacks.
   It affects your intelligence (+2).
   It affects your SH (+2).
   It makes you more stealthy.
 P - an uncursed ring of protection from fire
 X - a +2 amulet of reflection
Wands
 s - a wand of paralysis (9)
 w - a wand of disintegration (7)
 H - a wand of iceblast (8)
 I - a wand of digging (16)
 M - a wand of scattershot (15)
 S - a wand of polymorph (8)
 Z - a wand of flame (11)
Scrolls
 b - 21 scrolls of magic mapping
 f - a scroll of brand weapon
 n - 20 scrolls of teleportation
 p - 8 scrolls of fog
 r - 12 scrolls of blinking
 y - 19 scrolls of remove curse
 B - 8 scrolls of identify
Potions
 d - 3 potions of resistance
 g - 2 potions of magic
 j - 11 potions of curing
 k - 6 potions of heal wounds
 q - a potion of cancellation
 t - 4 potions of ambrosia
 u - 6 potions of berserk rage
 v - 15 potions of flight
 x - 12 potions of brilliance
 C - 3 potions of agility
 G - 7 potions of might
 J - 11 potions of haste
 Q - 3 potions of invisibility
 T - 3 potions of mutation
Comestibles
 c - 74 rations


   Skills:
 + Level 16.4(15.9) Fighting
 + Level 16.5(16.0) Long Blades
 + Level 11.7(11.3) Axes
 + Level 1.3(1.0) Throwing
 * Level 16.0(15.5) Armour
 * Level 14.9(14.4) Dodging
 + Level 16.2(15.7) Shields
 * Level 20.7(20.2) Invocations
 + Level 0.3(0.0) Evocations


You had 25 spell levels left.
You didn't know any spells.
Your spell library contained the following spells:

 Spells                   Type           Power        Failure   Level  Hunger
 Animate Skeleton         Necr           N/A          83%         1    ##.....
 Apportation              Tloc           #.....       83%         1    ##.....
 Beastly Appendage        Tmut           #.....       83%         1    ##.....
 Confusing Touch          Hex            #.....       83%         1    ##.....
 Corona                   Hex            #......      83%         1    ##.....
 Magic Dart               Conj           #...         83%         1    ##.....
 Pain                     Necr           #...         83%         1    ##.....
 Shock                    Conj/Air       #...         83%         1    ##.....
 Summon Small Mammal      Summ           #...         83%         1    ##.....
 Blink                    Tloc           N/A          92%         2    ###....
 Call Imp                 Summ           #.......     92%         2    ###....
 Corpse Rot               Necr           N/A          92%         2    ###....
 Ensorcelled Hibernation  Hex/Ice        #.....       92%         2    ###....
 Passwall                 Tmut/Erth      #.......     92%         2    ###....
 Searing Ray              Conj           #.....       92%         2    ###....
 Slow                     Hex            #.......     92%         2    ###....
 Sticks to Snakes         Tmut           #.......     92%         2    ###....
 Sublimation of Blood     Necr           #.........   92%         2    ###....
 Swiftness                Chrm/Air       #.......     92%         2    ###....
 Throw Frost              Conj/Ice       #.....       92%         2    ###....
 Confuse                  Hex            #.......     99%         3    ####...
 Conjure Flame            Conj/Fire      #.......     99%         3    ####...
 Dazzling Spray           Conj/Hex       #.....       99%         3    ####...
 Gell's Gravitas          Tloc           #.........   99%         3    ####...
 Ignite Poison            Fire/Tmut/Pois #.......     99%         3    ####...
 Mephitic Cloud           Conj/Pois/Air  #.......     99%         3    ####...
 Portal Projectile        Hex/Tloc       #.....       99%         3    ####...
 Recall                   Summ/Tloc      N/A          99%         3    ####...
 Regeneration             Chrm/Necr      #.........   99%         3    ####...
 Spider Form              Tmut/Pois      #.........   99%         3    ####...
 Static Discharge         Conj/Air       #.......     99%         3    ####...
 Stone Arrow              Conj/Erth      #.....       99%         3    ####...
 Teleport Other           Tloc           #.......     99%         3    ####...
 Vampiric Draining        Necr           #.........   99%         3    ####...
 Airstrike                Air            #.........   100%        4    #####..
 Animate Dead             Necr           N/A          100%        4    #####..
 Force Lance              Conj/Tloc      #.......     100%        4    #####..
 Fulminant Prism          Conj/Hex       #.........   100%        4    #####..
 Ice Form                 Ice/Tmut       #.......     100%        4    #####..
 Iskenderun's Mystic Bla  Conj           #.......     100%        4    #####..
 Leda's Liquefaction      Hex/Erth       #.........   100%        4    #####..
 Olgreb's Toxic Radiance  Pois           #.......     100%        4    #####..
 Petrify                  Tmut/Erth      #.......     100%        4    #####..
 Sticky Flame             Conj/Fire      #.......     100%        4    #####..
 Summon Lightning Spire   Summ/Air       #.......     100%        4    #####..
 Throw Icicle             Conj/Ice       #.......     100%        4    #####..
 Agony                    Necr           #.......     100%        5    ######.
 Alistair's Intoxication  Tmut/Pois      #.......     100%        5    ######.
 Aura of Abjuration       Summ           #.........   100%        5    ######.
 Blade Hands              Tmut           #.........   100%        5    ######.
 Bolt of Draining         Conj/Necr      #.........   100%        5    ######.
 Dispel Undead            Necr           #.......     100%        5    ######.
 Excruciating Wounds      Chrm/Necr      #.........   100%        5    ######.
 Fireball                 Conj/Fire      #.........   100%        5    ######.
 Irradiate                Conj/Tmut      #.........   100%        5    ######.
 Lightning Bolt           Conj/Air       #.........   100%        5    ######.
 Metabolic Englaciation   Hex/Ice        #.........   100%        5    ######.
 Silence                  Hex/Air        #.........   100%        5    ######.
 Summon Demon             Summ           #.........   100%        5    ######.
 Summon Forest            Summ/Tloc      #.........   100%        5    ######.
 Summon Mana Viper        Hex/Summ       #.......     100%        5    ######.
 Yara's Violent Unravell  Hex/Tmut       #.........   100%        5    ######.
 Bolt of Cold             Conj/Ice       #.........   100%        6    #######
 Bolt of Fire             Conj/Fire      #.........   100%        6    #######
 Conjure Ball Lightning   Conj/Air       #.........   100%        6    #######
 Deflect Missiles         Chrm/Air       #.........   100%        6    #######
 Dispersal                Tloc           #.........   100%        6    #######
 Freezing Cloud           Conj/Ice/Air   #.........   100%        6    #######
 Hydra Form               Tmut           #.........   100%        6    #######
 Invisibility             Hex            #.......     100%        6    #######
 Shadow Creatures         Summ           N/A          100%        6    #######
 Ring of Flames           Chrm/Fire      #.........   100%        7    #######
 Summon Hydra             Summ           #.........   100%        7    #######
 Controlled Blink         Tloc           N/A          100%        8    #######
 Disjunction              Tloc           #.........   100%        8    #######
 Ignition                 Fire           #.........   100%        8    #######
 Tornado                  Air            #.........   100%        9    #######


Dungeon Overview and Level Annotations

Branches:
Dungeon (15/15)            Temple (0/1) D:5            Lair (6/6) D:10
 Shoals (4/4) Lair:2        Snake (4/4) Lair:3        Slime (0/5) Lair:5
    Orc (2/2) D:9             Elf (3/3) Orc:2        Vaults (5/5) D:14
  Crypt (3/3) Vaults:3       Tomb (1/3) Crypt:3      Depths (2/5) D:15
  IceCv (visited)         Desolation (visited)      Gauntlet (visited)

Altars:
Cheibriados
Elyvilon
Fedhas
Gozag
Hepliaklqana
Kikubaaqudgha
Makhleb
Okawaru
Qazlal
Sif Muna
Uskayaw
Vehumet
Wu Jian
Xom
Zin
The Shining One
Beogh
Jiyva

Shops:
D:7 [   D:9 [(   D:10 *   Orc:2 *(=[   Elf:3 }   Snake:1 %   Snake:2 ?!*!!
Snake:3 }=}   Vaults:2 :   Vaults:4 }   Vaults:5 (   Depths:2 %

Portals:
Hell: Depths:1 Depths:2
Abyss: Depths:1
Pandemonium: Depths:2
Bazaar: Depths:1
Trove: Elf:1 (give plate armour "Keamearr")

Annotations:
D:12 2 runed translucent doors
Orc:2 2 transporters, lis82's ghost, journeyman DgWz
Elf:2 1 runed translucent door
Vaults:5 corrupted


Innate Abilities, Weirdness & Mutations

You have hooves in place of feet.
Armour fits poorly on your strangely shaped body.
You cover ground very quickly.
You have extremely tough skin. (AC +3)
You can translocate small distances at will.
You are frail. (-10% HP)
You are covered in fur. (AC +1)
Your spells are a little harder to cast, but a little more powerful.
Potions are less effective at restoring your health.


Message History

The cacodemon hits you but does no damage.
Something hits you! Something drains your vigour!
You feel yourself slow down.
The red devil hits you but does no damage.
You hear some strange, mumbled words.
You slice the Ice Fiend!!
The Ice Fiend convulses!!
You kick the Ice Fiend!
The Ice Fiend is heavily wounded.
You closely miss something. You closely miss the cacodemon.
The Ice Fiend claws you!
* * * LOW HITPOINT WARNING * * *
The Ice Fiend freezes you! You resist.
* * * LOW HITPOINT WARNING * * *
The Ice Fiend claws you but does no damage.
The cacodemon hits you.
* * * LOW HITPOINT WARNING * * *
The cacodemon hits you but does no damage.
Something hits you but does no damage. The red devil misses you.
The Ice Fiend claws you!
* * * LOW HITPOINT WARNING * * *
The Ice Fiend freezes you!! You resist.
You die...

....# #...........^.....
....# #.....W............
....#
#....................#
....#
#....................#
....#
#....................#
....#
#.......2............#
....#
#...M...2....^.......#
....#
#...........[........#
....#
#.....4.@...W........#
....#
#.......1............#
....#
#....................#
....#
#.....(..............####
....#
#........................
....#
#............^.^.........
....#
##############.....^.####
....# ##'''''## ....#
#.......#


You could see an Ice Fiend, a cacodemon, a blizzard demon, a mummy priest, a
hungry ghost, a wraith and a red devil.

Vanquished Creatures
  2 ancient liches
  Margery (Vaults:2)
  Saint Roka (Vaults:3)
  Vashnia (Snake:4)
  A caustic shrike (Depths:2)
  A golden dragon (Vaults:5)
  A profane servitor (Abyss:1)
  3 bone dragons
  Jorgrun (Orc:1)
  8 liches
  Rupert (Lair:5)
  4 tentacled monstrosities
  3 deep elf blademasters
  4 titans (Vaults:5)
  4 ancient champions
  2 deep elf master archers (Elf:3)
  10 sphinxes
  An Executioner (Abyss:1)
  8 shadow dragons
  11 tentacled starspawn
  A kraken (Shoals:4)
  5 tengu reavers (Vaults:5)
  Donald (Elf:2)
  3 revenants
  A storm dragon (Vaults:5)
  Roxanne (D:14)
  8 nagarajas
  8 fire giants
  5 frost giants
  11 deep elf sorcerers
  Aizul (Snake:2)
  2 imperial myrmidons (Desolation)
  2 cacodemons
  2 orc warlords
  2 balrugs (Abyss:2)
  2 curse skulls (Crypt:2)
  22 vault wardens
  3 deep elf elementalists
  4 ghouls (Crypt:2)
  Louise (Snake:4)
  A reaper (Abyss:1)
  14 stone giants
  22 ironheart preservers
  The ghost of Ybris the Geomancer, a journeyman GrEE of Vehumet (D:15)
  7 war gargoyles
  2 bennus (Tomb:1)
  2 entropy weavers (Vaults:3)
  5 vampire knights
  15 very ugly things
  A lorocyproca (Abyss:1)
  8 deep elf demonologists
  7 deep elf annihilators
  A minotaur (Shoals:1)
  A halazid warlock (Desolation)
  A dire elephant (Lair:6)
  5 eidola
  6 crystal guardians
  2 green deaths
  9 jiangshi
  7 merfolk javelineers
  The ghost of anet the Quickloader, a journeyman GnHu of Ashenzari (Orc:1)
  2 mummy priests (Tomb:1)
  10 deep elf death magi
  7 ettins
  9 merfolk impalers
  7 deep elf high priests
  2 fire dragons (Depths:2)
  3 ragged hierophants (Desolation)
  7 yaktaur captains
  7 great orbs of eyes
  8 rakshasas
  Fannar (D:12)
  7 servants of whispers (Desolation)
  34 vault guards
  2 hydras
  15 naga warriors
  A spriggan air mage (Depths:2)
  6 peacekeepers (Desolation)
  15 anacondas
  8 centaur warriors
  2 ice dragons
  2 merfolk aquamancers
  6 death knights
  6 death yaks (Lair:6)
  13 ogre magi
  28 dancing weapons
  5 deep troll shamans
  2 catoblepae (Lair:6)
  47 two-headed ogres
  2 satyrs
  A hell hog (Abyss:2)
  4 tengu warriors
  A queen ant (Gauntlet)
  5 vampire magi
  A deep troll earth mage (Vaults:2)
  11 thrashing horrors
  Urug (D:12)
  2 orc high priests
  2 titan zombies (Crypt:3)
  5 sun demons
  10 naga sharpshooters
  6 shock serpents
  22 deep elf knights
  A soul eater (Crypt:1)
  Sonja (Lair:5)
  3 titan skeletons
  10 wretched stars
  A storm dragon zombie (Crypt:3)
  A fire crab (Lair:4)
  8 hell knights
  3 sixfirhies
  3 iron trolls (Depths:1)
  A shadow wraith (Crypt:2)
  2 storm dragon skeletons
  4 spatial maelstroms
  26 skeletal warriors
  14 sea snakes
  A golden dragon zombie (Crypt:3)
  26 starcursed masses
  4 salamander mystics (Snake:4)
  10 unseen horrors
  4 glowing orange brains
  A swamp dragon (shapeshifter) (Elf:1)
  15 deep trolls
  A ghost moth zombie (Crypt:3)
  7 flayed ghosts
  6 wizards
  3 anaconda zombies
  5 naga ritualists
  A kraken simulacrum (Shoals:4)
  11 deep elf archers
  A sphinx zombie (Crypt:1)
  5 phantasmal warriors
  16 orc knights
  5 lindwurms
  2 orange crystal statues
  21 harpies
  29 large abominations
  A shadow dragon zombie (Crypt:3)
  31 ironbrand convokers
  Pikel (D:7)
  An orb spider (Abyss:1)
  82 deep elf magi
  A mana viper (shapeshifter) (D:15)
  10 necromancers
  A shining eye (shapeshifter) (Vaults:3)
  22 ugly things
  A fire giant zombie (Abyss:1)
  7 fauns
  13 mana vipers
  5 cyclopes
  2 worldbinders
  11 manticores
  7 orc sorcerers
  3 wolf spiders
  2 frost giant zombies
  A moth of wrath (Gauntlet)
  A stone giant zombie (Crypt:3)
  13 guardian serpents
  2 centaur zombies (D:12)
  7 salamanders
  2 black mambas (shapeshifter)
  27 black mambas
  7 merfolk sirens
  An eye of devastation (shapeshifter) (Vaults:4)
  3 apocalypse crabs
  15 vault sentinels
  A dire elephant skeleton (Crypt:1)
  9 elephants
  3 orange demons
  19 naga magi
  7 smoke demons
  6 water nymphs
  A molten gargoyle (Desolation)
  A minotaur zombie (Gauntlet)
  7 spiny frogs
  4 gargoyles
  A catoblepas zombie (Crypt:2)
  A white draconian zombie (Crypt:1)
  An emperor scorpion zombie (Crypt:3)
  45 yaktaurs
  16 freezing wraiths
  2 rime drakes
  2 efreet
  2 hellwings
  An anaconda simulacrum (Crypt:1)
  5 komodo dragons
  6 ancient zymes (Abyss:2)
  3 guardian mummies (Tomb:1)
  5 tengu conjurers
  7 wind drakes
  19 merfolk
  2 silent spectres (Abyss:1)
  A sea snake skeleton (Crypt:1)
  2 queen bees (shapeshifter)
  2 red devils (Abyss:2)
  A purple draconian skeleton (Crypt:2)
  A hydra zombie (Abyss:2)
  5 trolls
  4 meliai (Shoals:1)
  Prince Ribbit (D:5)
  5 hornets
  A hydra skeleton (Crypt:3)
  A pale draconian skeleton (Crypt:2)
  25 blink frogs
  51 saltlings
  10 snapping turtles
  A hornet (shapeshifter) (Elf:3)
  5 polar bears
  An ettin zombie (Abyss:2)
  A raiju (shapeshifter) (Vaults:5)
  24 small abominations
  A dream sheep (shapeshifter) (D:11)
  11 dream sheep
  26 slime creatures
  A raiju (Abyss:1)
  9 hippogriffs
  A fire dragon skeleton (Crypt:2)
  2 stone giant simulacra
  39 flying skulls
  A spriggan (shapeshifter) (D:15)
  4 redbacks (Vaults:3)
  3 air elementals
  19 water elementals
  5 ynoxinuls
  8 wraiths
  5 shadows
  An ice dragon skeleton (Abyss:2)
  2 vampires
  2 wyverns
  2 ushabtiu (Tomb:1)
  An ettin skeleton (Crypt:2)
  2 basilisks (shapeshifter)
  5 basilisks
  5 fire bats
  Grum (D:8)
  A yak (shapeshifter) (Vaults:3)
  2 steam dragons
  Eustachio (D:5)
  2 fire elementals
  35 yaks
  4 chaos spawn
  15 neqoxecs
  2 hungry ghosts
  3 vampire mosquitoes (D:14)
  A spatial vortex (Abyss:1)
  40 nagas
  8 wargs
  7 soldier ants
  An acid dragon (D:12)
  A soldier ant (shapeshifter) (Vaults:3)
  7 hell hounds
  An orb spider zombie (Crypt:2)
  17 water moccasins
  A merfolk skeleton (Crypt:2)
  8 porcupines
  13 ice beasts
  3 black bears
  2 eyes of draining
  51 orc warriors
  2 black bears (shapeshifter)
  4 sky beasts
  A hornet zombie (Crypt:2)
  3 necrophages
  An ettin simulacrum (Vaults:1)
  12 boggarts
  38 ogres
  An eye of draining (shapeshifter) (Vaults:4)
  A swamp dragon zombie (Abyss:2)
  A snapping turtle zombie (Crypt:3)
  A manticore zombie (Crypt:1)
  3 phantoms
  26 wolves
  A tengu (shapeshifter) (Vaults:4)
  19 centaurs
  An elf simulacrum (Vaults:4)
  12 crocodiles
  2 human zombies (Vaults:4)
  4 big kobolds
  2 earth elementals
  15 bullfrogs
  A glowing shapeshifter simulacrum (Vaults:2)
  A wyvern skeleton (D:11)
  3 scorpions
  2 killer bees (shapeshifter) (D:15)
  A human simulacrum (Vaults:2)
  69 killer bees
  A wight (Abyss:1)
  3 electric eels
  6 howler monkeys
  4 jellies
  6 crimson imps
  5 bullfrog skeletons
  13 quasits
  7 centaur skeletons
  21 orc priests
  10 hounds
  28 orc wizards
  An iron imp (Abyss:1)
  Crazy Yiuf (D:7)
  Ijyb (D:2)
  6 iguanas
  A human skeleton (Tomb:1)
  8 worker ants
  A naga zombie (Crypt:1)
  A hound skeleton (D:4)
  6 mummies (Tomb:1)
  A worker ant zombie (D:10)
  A howler monkey zombie (D:11)
  7 gnolls
  A howler monkey skeleton (D:6)
  A steam dragon zombie (Crypt:1)
  12 adders
  2 shadow imps
  5 white imps
  4 ufetubi
  An ooze (D:5)
  An adder zombie (D:5)
  A halfling zombie (Crypt:2)
  2 adder skeletons
  A worm (D:2)
  4 leopard geckos
  103 orcs
  2 ball pythons
  3 bats (D:1)
  7 giant cockroaches
  8 goblins
  3 hobgoblins
  11 jackals
  4 quokkas
  4 frilled lizards
  A jackal skeleton (D:5)
  A jackal zombie (Crypt:2)
  27 kobolds
  A kobold skeleton (Crypt:2)
  A leopard gecko skeleton (D:4)
  An orc skeleton (Abyss:2)
  A quokka skeleton (D:4)
  7 rats
  4 crawling corpses
  A lurking horror (Abyss:2)
  9 starspawn tentacles
  A tentacle (Shoals:4)
2439 creatures vanquished.

Vanquished Creatures (others)
  A bone dragon (Abyss:1)
  A deep elf demonologist (Vaults:4)
  A minotaur (Gauntlet)
  A yaktaur captain (Vaults:5)
  A deep elf high priest (Vaults:5)
  3 hydras
  An ice dragon (Vaults:5)
  An ogre mage (Vaults:5)
  A deep troll shaman (Depths:1)
  A thrashing horror (Abyss:1)
  2 deep elf knights
  An ironbrand convoker (Vaults:5)
  A manticore (Shoals:4)
  3 deep elf magi
  5 oklob plants
  A merfolk siren (Shoals:4)
  A naga mage (Snake:4)
  A yaktaur (Vaults:5)
  A slime creature (Vaults:2)
  A water elemental (Elf:2)
  A yak (Lair:6)
  A large abomination (Abyss:1)
  3 slaves (D:7)
  2 ogres (Vaults:5)
  A scorpion (D:7)
  A swamp dragon simulacrum (Abyss:1)
  An orc wizard (Vaults:4)
  A hound (D:7)
  A howler monkey skeleton (D:7)
  An orc (Vaults:1)
  A giant cockroach (D:7)
  A quokka (D:7)
  9 fungi
  24 plants
  38 starspawn tentacles
  11 tentacles (Shoals:4)
126 creatures vanquished.

Grand Total: 2565 creatures vanquished

Notes
Turn   | Place    | Note
-------+----------+-------------------------------------------
     0 | Abyss:1  | Gargoyl the Centaur Abyssal Knight began the quest for the
                  | Orb.
     0 | Abyss:1  | Reached XP level 1. HP: 19/19 MP: 2/2
    25 | Abyss:2  | Got a steaming amber ring
    26 | Abyss:2  | Identified the ring "Leudiqil" {+Fly rC+ MR+ Str+3} (You
                  | found it on level 2 of the Abyss)
   112 | Abyss:2  | Noticed a starcursed mass
   113 | Abyss:2  | Noticed a large abomination
   116 | Abyss:2  | Noticed a deep elf sorcerer
   117 | D:1      | Escaped the Abyss
   618 | D:1      | Reached XP level 2. HP: 18/26 MP: 3/3
   726 | D:1      | Reached * piety under Lugonu
   889 | D:1      | Reached skill level 1 in Dodging
  1454 | D:2      | Reached XP level 3. HP: 23/31 MP: 4/4
  2219 | D:3      | Reached XP level 4. HP: 40/40 MP: 5/5
  2517 | D:3      | Reached ** piety under Lugonu
  2559 | D:3      | Reached XP level 5. HP: 45/46 MP: 7/7
  2580 | D:3      | Noticed Ijyb
  2719 | D:2      | Killed Ijyb
  2719 | D:2      | Reached skill level 3 in Invocations
  2930 | D:4      | Found a white marble altar of Elyvilon.
  2950 | D:4      | Reached XP level 6. HP: 24/52 MP: 8/8
  3055 | D:4      | Found a blossoming altar of Fedhas.
  3115 | D:4      | Found a shimmering blue altar of Sif Muna.
  3117 | D:4      | Found an iron altar of Okawaru.
  3117 | D:4      | Found a glowing golden altar of the Shining One.
  3345 | D:4      | Found a hazy altar of Hepliaklqana.
  3346 | D:4      | Found a shimmering altar of Xom.
  3347 | D:4      | Noticed a spectral ugly thing
  3472 | D:5      | Entered Level 5 of the Dungeon
  3786 | D:5      | Noticed Prince Ribbit
  3793 | D:5      | Killed Prince Ribbit
  3793 | D:5      | Reached XP level 7. HP: 51/59 MP: 9/9
  3821 | D:5      | Found an ornate altar of the Wu Jian Council.
  3828 | D:5      | Found a glowing silver altar of Zin.
  3840 | D:5      | Found a snail-covered altar of Cheibriados.
  3843 | D:5      | Found a radiant altar of Vehumet.
  3979 | D:5      | Reached skill level 4 in Invocations
  4011 | D:5      | Found a staircase to the Ecumenical Temple.
  4047 | D:5      | Noticed Eustachio
  4068 | D:5      | Killed Eustachio
  4422 | D:6      | Reached *** piety under Lugonu
  4543 | D:6      | Found a glowing golden altar of the Shining One.
  4601 | D:6      | Reached XP level 8. HP: 50/67 MP: 11/11
  4710 | D:6      | Found a stormy altar of Qazlal.
  4872 | D:6      | Found an ancient bone altar of Kikubaaqudgha.
  5268 | D:6      | Reached skill level 5 in Fighting
  5268 | D:6      | Reached skill level 5 in Armour
  5427 | D:7      | Reached skill level 5 in Axes
  5443 | D:7      | Found Paid's Armour Shoppe.
  5448 | D:7      | Bought a +0 shield for 49 gold pieces
  5448 | D:7      | Bought a +1 pair of gloves of dexterity for 181 gold pieces
  5448 | D:7      | Bought a +2 scale mail of fire resistance for 231 gold
                  | pieces
  5491 | D:7      | Noticed Pikel
  5520 | D:7      | Killed Pikel
  5520 | D:7      | Reached skill level 5 in Invocations
  5520 | D:7      | Reached XP level 9. HP: 74/74 MP: 12/12
  6001 | D:7      | Found an opulent altar of Gozag.
  6134 | D:7      | Found a burning altar of Makhleb.
  6436 | D:7      | Found a runed translucent door.
  6437 | D:7      | Noticed Crazy Yiuf
  6591 | D:7      | Killed Crazy Yiuf
  6641 | D:8      | Noticed Grum
  6676 | D:7      | Reached skill level 1 in Shields
  6801 | D:8      | Killed Grum
  6983 | D:8      | Identified the Handbook of the Blaze and Snow
  7083 | D:8      | Reached skill level 6 in Invocations
  7221 | D:8      | Reached **** piety under Lugonu
  7732 | D:9      | Found a staircase to the Orcish Mines.
  7732 | D:9      | Found Hafral's Weapon Shoppe.
  7736 | D:9      | Identified the +9 scimitar "Myni Xoschua" {vamp, +Blink
                  | rElec rN+ Stlth-}
  7747 | D:9      | Reached XP level 10. HP: 83/83 MP: 14/14
  7877 | D:9      | Found an iron altar of Okawaru.
  8092 | D:9      | Found Gifiqy's Armour Shoppe.
  8269 | D:9      | Reached skill level 1 in Long Blades
  8544 | D:9      | Reached ***** piety under Lugonu
  8807 | D:10     | Entered Level 10 of the Dungeon
  8881 | D:10     | Noticed a gargoyle
  8887 | D:10     | Killed a gargoyle
  9060 | D:10     | Noticed a two-headed ogre
  9067 | D:10     | Killed a two-headed ogre
  9067 | D:10     | Reached skill level 7 in Invocations
  9113 | D:10     | Found the +3 sling "Punk" {acid, rCorr}
  9323 | D:10     | Noticed a two-headed ogre
  9346 | D:10     | Killed a two-headed ogre
  9427 | D:10     | Found Giho Xaal's Lightly-Used Armoury.
  9460 | D:10     | Found a staircase to the Lair.
  9461 | D:10     | Noticed an elephant
  9498 | D:10     | Reached XP level 11. HP: 69/91 MP: 16/16
  9712 | Lair:1   | Entered Level 1 of the Lair of Beasts
  9786 | Lair:1   | Noticed an oklob plant
  9788 | Lair:1   | Banished an oklob plant
 10093 | Lair:1   | Reached skill level 5 in Dodging
 10181 | Lair:1   | Got a fine plate armour
 10192 | Lair:1   | Identified the +3 plate armour of Birdsong {-Tele rF+
                  | Dex+9} (You found it on level 1 of the Lair of Beasts)
 10461 | Lair:1   | Noticed an eight-headed hydra
 10462 | Lair:1   | Banished an eight-headed hydra
 10753 | Lair:2   | Reached skill level 8 in Invocations
 10989 | Lair:1   | Reached skill level 5 in Long Blades
 12108 | Lair:2   | Found a staircase to the Shoals.
 12293 | Lair:3   | Found a staircase to the Snake Pit.
 12317 | Lair:3   | Reached XP level 12. HP: 94/100 MP: 18/18
 12384 | Lair:3   | Found a frozen archway.
 12390 | IceCv    | Entered an ice cave
 12417 | IceCv    | Reached skill level 9 in Invocations
 12451 | IceCv    | Found a transporter.
 12465 | IceCv    | Found a transporter.
 12879 | Lair:3   | Noticed a six-headed hydra
 12881 | Lair:3   | Banished a six-headed hydra
 13127 | Lair:3   | Identified 2 scrolls of acquirement
 13128 | Lair:3   | Got an ancient helmet
 13172 | Lair:3   | Identified the +2 helmet "Rolif" {rF+ Str-3 Dex+3 Slay+5}
                  | (You acquired it on level 3 of the Lair of Beasts)
 13249 | Lair:3   | Noticed a seven-headed hydra
 13250 | Lair:3   | Banished a seven-headed hydra
 14251 | Lair:4   | Reached skill level 10 in Invocations
 15018 | Lair:5   | Noticed Rupert
 15062 | Abyss:1  | Noticed a tentacled starspawn
 15072 | Abyss:1  | HP: 4/101 [tentacled starspawn (14)]
 15073 | Abyss:1  | Killed a tentacled starspawn
 15073 | Abyss:1  | Reached XP level 13. HP: 5/107 MP: 15/20
 15119 | Abyss:1  | Noticed a bone dragon
 15125 | Abyss:1  | Banished a bone dragon
 15225 | Lair:5   | Escaped the Abyss
 15243 | Lair:5   | Killed Rupert
 15243 | Lair:5   | Reached skill level 11 in Invocations
 15606 | Lair:5   | Noticed Sonja
 15615 | Lair:6   | Entered Level 6 of the Lair of Beasts
 15788 | Lair:5   | Found a viscous altar of Jiyva.
 15789 | Lair:5   | Found a staircase to the Slime Pits.
 16231 | Lair:5   | Killed Sonja
 16620 | Lair:6   | Got an ancient large shield
 16634 | Lair:5   | Identified the +3 large shield of Dithmenos's Hatred
                  | {Slay+2} (You acquired it on level 6 of the Lair of Beasts)
 16686 | Lair:6   | Reached skill level 5 in Shields
 16776 | Lair:5   | Found the +3 pair of gauntlets of War {Slay+5}
 16948 | Lair:6   | Gained mutation: Scrolls take you a little longer to read.
                  | [potion of mutation]
 16948 | Lair:6   | Gained mutation: You can translocate small distances at
                  | will. [potion of mutation]
 16948 | Lair:6   | Gained mutation: You have sharp fingernails. [potion of
                  | mutation]
 17259 | Lair:6   | Reached skill level 12 in Invocations
 17842 | Lair:6   | Reached XP level 14. HP: 116/116 MP: 23/23
 17954 | Lair:6   | Reached skill level 1 in Throwing
 18107 | Lair:6   | Got a wavering golden ring
 19455 | D:12     | Noticed Fannar
 19459 | D:12     | Killed Fannar
 19513 | D:12     | Found a gate leading to a gauntlet.
 19520 | Gauntlet | Entered a Gauntlet
 19520 | Gauntlet | Found a transporter.
 19520 | Gauntlet | Found a transporter.
 19524 | Gauntlet | Found a transporter.
 19524 | Gauntlet | Found a transporter.
 19584 | Gauntlet | Found a transporter.
 19584 | Gauntlet | Found a transporter.
 19584 | Gauntlet | Found a transporter.
 19590 | Gauntlet | Found a transporter.
 19591 | Gauntlet | Found a transporter.
 19591 | Gauntlet | Found a transporter.
 19598 | Gauntlet | Found a runed translucent gate.
 19598 | Gauntlet | Found a runed translucent gate.
 19598 | Gauntlet | Found a runed translucent gate.
 19600 | Gauntlet | Found a transporter.
 19627 | Gauntlet | Found a transporter.
 19642 | Gauntlet | Got an ancient cloak
 19648 | Gauntlet | Identified the +2 cloak of Ipri {Int-2 Dex+5} (You found it
                  | in a Gauntlet)
 19659 | Gauntlet | Corrupted Gauntlet
 19659 | Gauntlet | Noticed a starcursed mass
 19659 | Gauntlet | Noticed a tentacled starspawn
 19692 | Gauntlet | Noticed a white very ugly thing
 19692 | Gauntlet | Noticed a starcursed mass
 19693 | Gauntlet | Got a pitted hat
 19835 | Gauntlet | Reached skill level 10 in Armour
 19904 | Gauntlet | Identified the cursed -3 hat of Vehumet's Delight {*Slow
                  | rPois Dex+4} (You found it in a Gauntlet)
 19918 | Gauntlet | Identified the ring "Ciedin" {Fire rElec Str+5 Slay+2} (You
                  | found it on level 6 of the Lair of Beasts)
 20007 | D:12     | Found a large runed translucent door.
 20010 | D:12     | Found a large runed translucent door.
 20051 | D:12     | Noticed Urug
 20065 | D:12     | Killed Urug
 20433 | D:12     | Found a large runed translucent door.
 20433 | D:12     | Found a large runed translucent door.
 20496 | D:12     | Reached skill level 10 in Long Blades
 21164 | D:13     | Reached XP level 15. HP: 121/124 MP: 24/24
 21688 | D:14     | Reached skill level 13 in Invocations
 21765 | D:14     | Reached ****** piety under Lugonu
 22235 | D:14     | Found a gate to the Vaults.
 22306 | D:14     | Identified Roxanne's Guide on the Mountains
 22306 | D:14     | Noticed Roxanne
 22333 | D:14     | Killed Roxanne
 22650 | D:15     | Entered Level 15 of the Dungeon
 22694 | D:15     | Found a staircase to the Depths.
 22694 | D:15     | Noticed a fire giant
 22705 | D:15     | Killed a fire giant
 23220 | D:15     | Found a runed translucent gate.
 23220 | D:15     | Found a runed translucent gate.
 23220 | D:15     | Found a runed translucent gate.
 23538 | D:15     | Found a runed translucent gate.
 23538 | D:15     | Found a runed translucent gate.
 23546 | D:15     | Found a runed translucent gate.
 23554 | D:15     | Noticed Ybris's ghost (journeyman GrEE)
 23578 | D:15     | Gained mutation: You are clumsy. (Dex -2) [a cacodemon]
 23581 | D:15     | Gained mutation: Your magical capacity is low. (-10% MP) [a
                  | neqoxec]
 23613 | D:15     | Killed Ybris's ghost
 23619 | D:15     | Gained mutation: You are weak. (Str -2) [a neqoxec]
 23702 | D:15     | Lost mutation: Scrolls take you a little longer to read.
                  | [potion of mutation]
 23702 | D:15     | Lost mutation: You are weak. (Str -2) [potion of mutation]
 23702 | D:15     | Gained mutation: You tend to lose your temper in combat.
                  | [potion of mutation]
 23702 | D:15     | Gained mutation: You are frail. (-10% HP) [potion of
                  | mutation]
 23702 | D:15     | Gained mutation: You expend magic power (3 MP) to
                  | strengthen your wands. [potion of mutation]
 23703 | D:15     | Lost mutation: You tend to lose your temper in combat.
                  | [potion of mutation]
 23703 | D:15     | Lost mutation: You can translocate small distances at will.
                  | [potion of mutation]
 23703 | D:15     | Lost mutation: Your magical capacity is low. (-10% MP)
                  | [potion of mutation]
 23703 | D:15     | Gained mutation: Scrolls take you a little longer to read.
                  | [potion of mutation]
 23703 | D:15     | Gained mutation: You have a pair of small antennae on your
                  | head. [potion of mutation]
 23703 | D:15     | Lost mutation: You are clumsy. (Dex -2) [potion of
                  | mutation]
 23704 | D:15     | Lost mutation: Scrolls take you a little longer to read.
                  | [potion of mutation]
 23704 | D:15     | Lost mutation: You are frail. (-10% HP) [potion of
                  | mutation]
 23704 | D:15     | Lost mutation: You expend magic power (3 MP) to strengthen
                  | your wands. [potion of mutation]
 23704 | D:15     | Lost mutation: You have a pair of small antennae on your
                  | head. [potion of mutation]
 23704 | D:15     | Gained mutation: You are frail. (-10% HP) [potion of
                  | mutation]
 23704 | D:15     | Gained mutation: Your spells are a little easier to cast,
                  | but a little less powerful. [potion of mutation]
 23704 | D:15     | Gained mutation: Your mind is acute. (Int +2) [potion of
                  | mutation]
 23704 | D:15     | Gained mutation: You have very sharp teeth. [potion of
                  | mutation]
 23705 | D:15     | Lost mutation: Your mind is acute. (Int +2) [potion of
                  | mutation]
 23705 | D:15     | Lost mutation: You have sharp fingernails. [potion of
                  | mutation]
 23705 | D:15     | Lost mutation: You are frail. (-10% HP) [potion of
                  | mutation]
 23705 | D:15     | Gained mutation: You occasionally shout uncontrollably at
                  | your foes. [potion of mutation]
 23705 | D:15     | Gained mutation: You are surrounded by a mild repulsion
                  | field. (EV +2) [potion of mutation]
 23705 | D:15     | Lost mutation: Your spells are a little easier to cast, but
                  | a little less powerful. [potion of mutation]
 23706 | D:15     | Lost mutation: You occasionally shout uncontrollably at
                  | your foes. [potion of mutation]
 23706 | D:15     | Lost mutation: You are surrounded by a mild repulsion
                  | field. (EV +2) [potion of mutation]
 23706 | D:15     | Gained mutation: You are partially covered in icy blue
                  | scales. (AC +2) [potion of mutation]
 23706 | D:15     | Gained mutation: You are frail. (-10% HP) [potion of
                  | mutation]
 23706 | D:15     | Gained mutation: You are weak. (Str -2) [potion of
                  | mutation]
 23706 | D:15     | Gained mutation: You are agile. (Dex +2) [potion of
                  | mutation]
 23733 | D:15     | Lost mutation: You are agile. (Dex +2) [potion of mutation]
 23733 | D:15     | Lost mutation: You are partially covered in icy blue
                  | scales. (AC +2) [potion of mutation]
 23733 | D:15     | Lost mutation: You are frail. (-10% HP) [potion of
                  | mutation]
 23733 | D:15     | Lost mutation: You are weak. (Str -2) [potion of mutation]
 23733 | D:15     | Gained mutation: Your flesh is cold resistant. (rC+)
                  | [potion of mutation]
 23733 | D:15     | Gained mutation: You are partially covered in rugged brown
                  | scales. (AC +1, +3% HP) [potion of mutation]
 23734 | D:15     | Lost mutation: You are partially covered in rugged brown
                  | scales. (AC +1, +3% HP) [potion of mutation]
 23734 | D:15     | Lost mutation: Your flesh is cold resistant. (rC+) [potion
                  | of mutation]
 23734 | D:15     | Gained mutation: You are frail. (-10% HP) [potion of
                  | mutation]
 23734 | D:15     | Gained mutation: You are resistant to hostile enchantments.
                  | (MR+) [potion of mutation]
 23938 | Orc:1    | Entered Level 1 of the Orcish Mines
 24029 | Orc:1    | Found a roughly hewn altar of Beogh.
 24439 | Orc:1    | Found a transporter.
 24450 | Orc:1    | Noticed an orc warlord
 24451 | Orc:1    | Noticed anet's ghost (journeyman GnHu)
 24464 | Orc:1    | Killed an orc warlord
 24539 | Orc:1    | Found a transporter.
 24545 | Orc:1    | Noticed Jorgrun
 24561 | Orc:1    | Killed Jorgrun
 24893 | Orc:1    | Gained mutation: Your magical capacity is low. (-10% MP) [a
                  | neqoxec]
 24911 | Orc:1    | Killed anet's ghost
 24916 | Orc:1    | Got the ring "Asoulawo" {Int+2}
 25049 | Orc:2    | Entered Level 2 of the Orcish Mines
 25052 | Orc:2    | Found a transporter.
 25054 | Orc:2    | Noticed lis82's ghost (journeyman DgWz)
 25067 | Orc:2    | Reached XP level 16. HP: 108/120 MP: 23/23
 25161 | Orc:2    | Reached skill level 10 in Fighting
 25166 | Orc:2    | Found a roughly hewn altar of Beogh.
 25243 | Orc:2    | Found Qedoh's Jewellery Boutique.
 25250 | Orc:2    | Found Ewid's Antique Armour Boutique.
 25262 | Orc:2    | Found Tahet's Antique Weapon Boutique.
 25433 | Orc:2    | Found a staircase to the Elven Halls.
 25678 | Orc:2    | Found a transporter.
 25807 | Orc:2    | Found Qaunleun's General Store.
 25864 | Orc:2    | Bought a runed centaur barding for 650 gold pieces
 26035 | Snake:1  | Entered Level 1 of the Snake Pit
 26267 | Snake:1  | Found Enwiann's Food Boutique.
 26299 | Snake:1  | Reached skill level 14 in Invocations
 27234 | Snake:2  | Found Giasosum's Distillery.
 27236 | Snake:2  | Found Baust's Distillery.
 27238 | Snake:2  | Found Citeut's Assorted Antiques.
 27239 | Snake:2  | Found Zuveuc's Distillery.
 27259 | Snake:2  | Noticed Aizul
 27269 | Snake:2  | Killed Aizul
 27278 | Snake:2  | Bought a potion of heal wounds for 75 gold pieces
 27278 | Snake:2  | Bought a potion of heal wounds for 75 gold pieces
 27282 | Snake:2  | Bought 2 potions of heal wounds for 120 gold pieces
 27282 | Snake:2  | Bought a potion of heal wounds for 60 gold pieces
 27286 | Snake:2  | Bought a potion of heal wounds for 85 gold pieces
 27286 | Snake:2  | Bought a potion of heal wounds for 85 gold pieces
 27464 | Snake:2  | Found Cogagreg's Magic Scroll Shop.
 27508 | Snake:2  | Bought a scroll of enchant weapon for 112 gold pieces
 28403 | Snake:3  | Found Tatial's Gadget Shoppe.
 28403 | Snake:3  | Found Neetaurgh's Jewellery Shop.
 28404 | Snake:3  | Found Ofaquohewk's Gadget Shoppe.
 28417 | Snake:3  | Bought the amulet "Xeon" {Reflect Int+2 SH+2 Stlth+} for
                  | 387 gold pieces
 28421 | Snake:3  | Bought the ring "Kutraaho" {rF+ rC+} for 702 gold pieces
 28464 | Snake:4  | Entered Level 4 of the Snake Pit
 28468 | Snake:4  | Noticed Vashnia
 28486 | Snake:4  | Killed Vashnia
 28499 | Snake:4  | Reached XP level 17. HP: 126/126 MP: 25/25
 28546 | Snake:4  | Identified the +7 large shield "Vayti" {rPois Dex+6}
 28546 | Snake:4  | Noticed Louise
 28562 | Snake:4  | Killed Louise
 29314 | Snake:4  | Reached skill level 10 in Dodging
 29565 | Snake:4  | Reached skill level 15 in Invocations
 29788 | Snake:4  | Got a serpentine rune of Zot
 30206 | Vaults:1 | Entered Level 1 of the Vaults
 30290 | Vaults:1 | Reached skill level 10 in Shields
 30431 | Vaults:1 | Noticed a tentacled monstrosity
 30637 | Vaults:1 | Reached XP level 18. HP: 135/135 MP: 26/26
 30869 | Vaults:1 | Got a vibrating lapis lazuli ring
 30884 | Vaults:1 | Identified the ring of Uhyrr {rC+ SInv} (You found it on
                  | level 1 of the Vaults)
 31537 | Vaults:2 | Noticed Margery
 31560 | Vaults:2 | Killed Margery
 31791 | Vaults:2 | Found Ypululucorr's Book Shoppe.
 32133 | Vaults:2 | Got a clouded golden ring
 32342 | Vaults:2 | HP: 4/136 [stone giant (35)]
 32519 | Vaults:2 | Escaped the Abyss
 32885 | Vaults:2 | Reached XP level 19. HP: 144/144 MP: 27/27
 33024 | Vaults:3 | Found a ruined gateway.
 33049 | Desolati | Entered the Desolation of Salt
 33096 | Desolati | Reached skill level 16 in Invocations
 33163 | Desolati | Got a steaming silver amulet
 33165 | Desolati | Identified the amulet of Tomorrow {Gourm Int+2 Stlth+} (You
                  | found it in the Desolation of Salt)
 33169 | Desolati | Identified the Grimoire of Hexes and the Escort
 33172 | Desolati | Got a vibrating silver ring
 33504 | Desolati | Escaped the Abyss
 33524 | Desolati | HP: 5/144 [saltling (11)]
 33553 | Desolati | Got a faintly humming ring mail
 33700 | Desolati | Identified the +5 ring mail of Zuss {Int+4} (You found it
                  | in the Desolation of Salt)
 33716 | Desolati | Got a translucent ring mail
 33730 | Desolati | Identified the +4 ring mail of Faela {rElec rF- rC+++} (You
                  | found it in the Desolation of Salt)
 34601 | Desolati | Got a fine silver amulet
 34617 | Desolati | Got a fine tin ring
 34908 | Vaults:3 | Found a staircase to the Crypt.
 35630 | Vaults:3 | Gained mutation: You are clumsy. (Dex -2) [a shining eye]
 35639 | Vaults:3 | Lost mutation: Your magical capacity is low. (-10% MP)
                  | [potion of mutation]
 35639 | Vaults:3 | Lost mutation: You are clumsy. (Dex -2) [potion of
                  | mutation]
 35639 | Vaults:3 | Lost mutation: You are frail. (-10% HP) [potion of
                  | mutation]
 35639 | Vaults:3 | Gained mutation: You are surrounded by a mild repulsion
                  | field. (EV +2) [potion of mutation]
 35639 | Vaults:3 | Gained mutation: You are covered in fur. (AC +1) [potion of
                  | mutation]
 35787 | Vaults:3 | Reached XP level 20. HP: 169/169 MP: 32/32
 35894 | Vaults:3 | Noticed Saint Roka
 36191 | Vaults:3 | Escaped the Abyss
 36209 | Vaults:3 | Killed Saint Roka
 36370 | Vaults:3 | Identified the ring "Aduntaur" {rPois rF+ rCorr} (You found
                  | it in the Desolation of Salt)
 36372 | Vaults:3 | Identified the ring of Obsession {rF+ rC+ MR+ MP+9 Stlth-}
                  | (You found it on level 2 of the Vaults)
 36374 | Vaults:3 | Identified the amulet "Atel" {Acrobat Fragile Int+4 Dex+8
                  | Slay-4} (You found it in the Desolation of Salt)
 36377 | Vaults:3 | Identified the ring of Xom's Envy {*Tele MR+ Int+3} (You
                  | found it in the Desolation of Salt)
 36992 | Abyss:1  | Paralysed by accursed screaming for 1 turns
 37195 | Abyss:1  | Got a blackened shield
 37206 | Abyss:1  | Identified the +7 shield "Sesahel" {rCorr Str+4 Int-3
                  | Slay+2} (You acquired it on level 1 of the Abyss)
 37207 | Vaults:4 | Escaped the Abyss
 37660 | Vaults:4 | Reached skill level 17 in Invocations
 37846 | Vaults:4 | Found Cunge Qiog's Gadget Emporium.
 38780 | Vaults:5 | Entered Level 5 of the Vaults
 38781 | Vaults:5 | Corrupted Vaults:5
 38781 | Vaults:5 | Noticed a bone dragon
 39075 | Shoals:1 | Entered Level 1 of the Shoals
 39555 | Shoals:1 | Reached XP level 21. HP: 178/178 MP: 33/33
 39618 | Shoals:1 | Found a hide-covered altar of Uskayaw.
 41291 | Shoals:4 | Entered Level 4 of the Shoals
 41933 | Shoals:4 | Escaped the Abyss
 42254 | Shoals:4 | Got a barnacled rune of Zot
 42513 | Shoals:4 | Reached skill level 15 in Long Blades
 43070 | Elf:1    | Entered Level 1 of the Elven Halls
 43459 | Elf:1    | Found a portal to a secret trove of treasure.
 43518 | Elf:1    | Identified the Tome of Conjuration
 43563 | Elf:1    | You fall into a shaft and drop 1 floor!
 43587 | Elf:2    | Noticed Donald
 43597 | Elf:2    | Killed Donald
 44352 | Elf:2    | Found a runed translucent door.
 44352 | Elf:2    | Found a runed translucent door.
 44595 | Elf:2    | Reached skill level 18 in Invocations
 44689 | Elf:2    | Reached XP level 22. HP: 189/189 MP: 35/35
 45275 | Elf:3    | Entered Level 3 of the Elven Halls
 45610 | Elf:3    | Found Gofai's Gadget Shop.
 46318 | Elf:3    | Escaped the Abyss
 46932 | Elf:3    | Identified the Disquisition on the Mutagenic Blaze
 46948 | Elf:3    | Identified the Tome of Floating Dislocation
 47375 | Depths:1 | Entered Level 1 of the Depths
 47837 | Depths:1 | Found a gateway to a bazaar.
 47883 | Depths:1 | Found a gateway to Hell.
 48295 | Depths:1 | Found a one-way gate to the infinite horrors of the Abyss.
 48460 | Depths:2 | Reached XP level 23. HP: 193/196 MP: 36/36
 48501 | Depths:2 | Found Volepra's Food Boutique.
 48808 | Depths:2 | Found a one-way gate leading to the halls of Pandemonium.
 49184 | Depths:2 | Noticed a caustic shrike
 49204 | Depths:2 | Killed a caustic shrike
 49684 | Vaults:4 | Reached skill level 15 in Fighting
 49991 | Vaults:4 | Reached skill level 19 in Invocations
 50153 | Vaults:5 | Identified the ring of Okawaru's Wrath {Fire Dex+5}
 50322 | Vaults:5 | Reached skill level 15 in Shields
 50370 | Vaults:5 | Got a silver rune of Zot
 50404 | Vaults:5 | Lost mutation: You are surrounded by a mild repulsion
                  | field. (EV +2) [potion of mutation]
 50404 | Vaults:5 | Lost mutation: You have very sharp teeth. [potion of
                  | mutation]
 50404 | Vaults:5 | Lost mutation: You are resistant to hostile enchantments.
                  | (MR+) [potion of mutation]
 50404 | Vaults:5 | Gained mutation: You tend to lose your temper in combat.
                  | [potion of mutation]
 50404 | Vaults:5 | Gained mutation: You have sharp fingernails. [potion of
                  | mutation]
 50404 | Vaults:5 | Gained mutation: You are covered in thick fur. (AC +2)
                  | [potion of mutation]
 50405 | Vaults:5 | Lost mutation: You tend to lose your temper in combat.
                  | [potion of mutation]
 50405 | Vaults:5 | Lost mutation: You are covered in thick fur. (AC +2)
                  | [potion of mutation]
 50405 | Vaults:5 | Gained mutation: Your muscles are strong. (Str +2) [potion
                  | of mutation]
 50405 | Vaults:5 | Gained mutation: Your magical capacity is low. (-10% MP)
                  | [potion of mutation]
 50405 | Vaults:5 | Gained mutation: Your spells are a little harder to cast,
                  | but a little more powerful. [potion of mutation]
 50405 | Vaults:5 | Gained mutation: You can translocate small distances at
                  | will. [potion of mutation]
 50406 | Vaults:5 | Lost mutation: Your muscles are strong. (Str +2) [potion of
                  | mutation]
 50406 | Vaults:5 | Lost mutation: You can translocate small distances at will.
                  | [potion of mutation]
 50406 | Vaults:5 | Lost mutation: Your magical capacity is low. (-10% MP)
                  | [potion of mutation]
 50406 | Vaults:5 | Gained mutation: You are clumsy. (Dex -2) [potion of
                  | mutation]
 50406 | Vaults:5 | Gained mutation: You can translocate small distances at
                  | will. [potion of mutation]
 50407 | Vaults:5 | Lost mutation: You have sharp fingernails. [potion of
                  | mutation]
 50407 | Vaults:5 | Lost mutation: You are clumsy. (Dex -2) [potion of
                  | mutation]
 50407 | Vaults:5 | Gained mutation: Your muscles are strong. (Str +2) [potion
                  | of mutation]
 50500 | Vaults:5 | Reached skill level 15 in Armour
 50551 | Vaults:5 | Reached XP level 24. HP: 207/207 MP: 36/36
 50573 | Vaults:5 | Found Eclubun's Antique Weapon Boutique.
 50635 | Vaults:5 | Got a bloodstained chain mail
 50646 | Vaults:5 | Identified the +1 chain mail "Kigil" {rPois rF++ Int-3
                  | Dex+4} (You found it on level 5 of the Vaults)
 50896 | Vaults:5 | Identified the +8 bardiche "Mabed" {holy, Int+6}
 51896 | Vaults:5 | Got a faintly glowing chain mail
 51897 | Vaults:5 | Identified the +7 chain mail of the Gardener {rPois rF++
                  | rCorr} (You found it on level 5 of the Vaults)
 52030 | Crypt:1  | Entered Level 1 of the Crypt
 52350 | Crypt:1  | Got a fine hand axe
 52844 | Crypt:1  | You fall into a shaft and drop 1 floor!
 53058 | Crypt:2  | Escaped the Abyss
 53527 | Crypt:2  | Escaped the Abyss
 53576 | Crypt:2  | Got a clouded ivory amulet
 53583 | Crypt:2  | Identified the +2 hand axe of Kismet {holy, Str+5} (You
                  | found it on level 1 of the Crypt)
 53585 | Crypt:2  | Identified the amulet "Yco Befe" {Harm *Drain +Fly rPois}
                  | (You found it on level 2 of the Crypt)
 53609 | Crypt:2  | Reached XP level 25. HP: 129/216 MP: 36/36
 54188 | Crypt:2  | Reached skill level 20 in Invocations
 54605 | Crypt:3  | Entered Level 3 of the Crypt
 54922 | Crypt:3  | Got a fine silver ring
 54945 | Crypt:3  | Got a flickering steel ring
 54948 | Crypt:3  | Identified the ring of Lyniycsu {rF- rN+ Dex+6} (You found
                  | it on level 3 of the Crypt)
 54950 | Crypt:3  | Identified the ring "Cyleot" {rN+ Stlth+} (You found it on
                  | level 3 of the Crypt)
 54958 | Crypt:3  | Got a warped ivory ring
 54962 | Crypt:3  | Identified the ring "Latreina" {rF- rC++ rN+ Str+4} (You
                  | found it on level 3 of the Crypt)
 55195 | Crypt:3  | Noticed an ancient lich
 55201 | Crypt:3  | Killed an ancient lich
 55220 | Crypt:3  | Found an ancient bone altar of Kikubaaqudgha.
 55264 | Crypt:3  | Identified Ydwech's Papyrus of Toxic Attacks
 55456 | Crypt:3  | Reached skill level 10 in Axes
 55555 | Crypt:3  | Found a staircase to the Tomb.
 55965 | Tomb:1   | Entered Level 1 of the Tomb of the Ancients
 56414 | Abyss:1  | Noticed an ancient lich
 56421 | Abyss:1  | Killed an ancient lich
 57377 | Abyss:2  | Reached XP level 26. HP: 172/226 MP: 37/37
 57398 | Abyss:2  | Gained mutation: You are frail. (-10% HP) [a neqoxec]
 57406 | Abyss:2  | Gained mutation: Potions are less effective at restoring
                  | your health. [a neqoxec]
 57498 | Tomb:1   | Escaped the Abyss
 57500 | Tomb:1   | Paralysed by a sphinx for 2 turns
 57701 | Tomb:1   | Noticed an ancient lich
 57715 | Tomb:1   | Lost mutation: Your muscles are strong. (Str +2) [a
                  | cacodemon]
 57717 | Tomb:1   | Slain by an Ice Fiend

Levels and vault maps discovered:
D:1:      elethiomel_arrival_shortcut, layout_basic
D:2:      layout_basic
D:3:      layout_rooms, uniq_ijyb
D:4:      layout_rooms, regret_index_temple_of_mockery,
          grunt_temple_overflow_open, first_ration, hangedman_decor_push,
          elyvilon_altar_5
D:5:      layout_gridville, grunt_temple_overflow_cloverleaf, temple_doors_e,
          uniq_prince_ribbit1, uniq_eustachio
D:6:      minmay_cornered_nines, layout_basic, lemuel_coloured_pillars_altar,
          kennysheep_little_box, kennysheep_minor_cross, tso_altar
D:7:      layout_loops_ring, overflow_temple_1_default, serial_shops, shop,
          grunt_ogre_cave, makhleb_heckhound_becter, uniq_crazy_yiuf_cottage,
          uniq_pikel
D:8:      layout_loops_ring, uniq_grum
D:9:      layout_stronghold, orc_david_3, serial_shops, shop_statue,
          okawaru_ov_weapons_minmay
D:10:     layout_irregular_city, david_lair_generic, minmay_crystal_water,
          minmay_shop_damaged, minmay_checkerbox
D:11:     minmay_mutant_horseshoe, layout_irregular_city
D:12:     layout_basic, gauntlet_entry_generic, minmay_hollow_rounded_squares,
          uniq_fannar, uniq_urug
D:13:     layout_loops_ring, minmay_unpleasant_kobolds
D:14:     layout_basic, david_vaults_2, minmay_misc_feat_doors,
          elves_outpost_lemuel, uniq_roxanne
D:15:     grunt_enter_depths_giant_problem, layout_basic,
          ploomutoo_gammafunk_ghost_potion_laboratory,
          hangedman_abyss_or_decor_stabs
Lair:1:   layout_regular_city, minmay_hedge_maze, lemuel_fruit_fields
Lair:2:   wad_woods_minihive, layout_chaotic_city, elwin_shoals_entry_rooms
Lair:3:   layout_regular_city, minmay_snake_entry_guardpost_small,
          portal_ice_cave_entry_pillars_1, serial_bayou_shore_b,
          serial_bayou_shore_a, grunt_megastairs_1
Lair:4:   layout_hall_layers, gammafunk_lair_bear_cave, serial_bayou_shore_b,
          minmay_lair_oklob_chamber
Lair:5:   layout_layer_cave, dpeg_slime_entry_enclosed_altar, uniq_rupert,
          uniq_sonja
Lair:6:   grunt_lair_end_beastmaster, layout_hall_layers,
          nicolae_lair_yak_garden
Shoals:1: layout_shoals, regret_index_shoals_crete
Shoals:2: layout_shoals, nicolae_shoals_circle_sea_wall
Shoals:3: cheibrodos_shoals_baths, layout_shoals
Shoals:4: shoals_end_grunt_ice, layout_shoals,
          nicolae_shoals_kraken_intersection
Snake:1:  layout_grid_maze, serial_shops, shop, grunt_megastairs_4
Snake:2:  layout_gridlike, serial_shops, shop, st_stairs_14,
          minmay_shop_grid_forest, uniq_aizul
Snake:3:  layout_rooms, nrook_loot_triangle, minmay_shop_grove
Snake:4:  snake_pit_salamanders_mu, layout_basic, uniq_louise, uniq_vashnia
Orc:1:    layout_caves, basic_altar, gammafunk_ghost_stat_death, uniq_jorgrun
Orc:2:    grunt_orc_cross, layout_caves, gammafunk_ghost_stat_death,
          nicolae_orc_crystal_geode
Elf:1:    layout_onion_city, nicolae_trove_entry_crossroad,
          minmay_elf_annihilation, grunt_ministairs_2
Elf:2:    layout_geoelf_octagon, uniq_donald
Elf:3:    elf_hall, layout_geoelf_octagon, serial_shops, nicolae_shop_stone
Vaults:1: nicolae_vaults_twisting_passages, ontoclasm_vaults_hangar,
          nicolae_vaults_ninety_degrees, nicolae_vaults_specimen_jars,
          vaults_room_hallway, v_misc_26, vaults_dpeg_hooks,
          layout_vaults_chaotic_city
Vaults:2: nicolae_vaults_back_hallway, vaults_room_hangedman_quadrants,
          v_misc_17, nicolae_vaults_border_crossing, ontoclasm_vaults_fault,
          v_misc_23, nicolae_vaults_little_squares_1, v_misc_23,
          ontoclasm_vaults_gateway, ontoclasm_vaults_chip, v_misc_32, v_misc_29,
          layout_vaults_omnibox, serial_shops, shop, uniq_margery
Vaults:3: vaults_room_fours, vaults_standard_mumra_enter_the_diamond,
          vaults_standard_mumra_x, st_diamondy, hangedman_vaults_corner_blocks,
          vaults_standard_mumra_enter_the_diamond, vaults_room_octagon,
          vaults_room_boxed, minmay_crypt_entry_simple_corners,
          dpeg_vaults_monster_row, nicolae_vaults_little_squares_4, v_misc_23,
          v_alt_pattern_3, vaults_dpeg_ring, nicolae_vaults_ring_of_whatevers,
          layout_vaults_maze_bifur, portal_desolation_entry_salt,
          uniq_saint_roka
Vaults:4: v_misc_12, vaults_room_large_hall, v_misc_24, v_misc_13, v_misc_24,
          vaults_room_semicircle, v_misc_4, nicolae_vaults_statue_guard,
          layout_vaults_quadrants, serial_shops, nicolae_shop_waterfront
Vaults:5
Crypt:1:  layout_chaotic_city
Crypt:2:  layout_regular_city, grunt_ministairs_12, due_unseen_surprise
Crypt:3:  cryptofortress_bobbens
Tomb:1
Depths:1: layout_cave_pools, hell_entry, ebering_dispersal_statue_hall,
          serial_shops, statue_bzr, hangedman_abyss_entry_splay,
          minmay_protected_statue
Depths:2: minmay_stepped, layout_gridville, serial_shops, shop_statue,
          grunt_pan_entry_sceptre, hell_entry

Skill      XL: |  1  2  3  4  5  6  7  8  9 10 11 12 13 14 15 16 17 18 19 20 21 22 23 24 25 26 |
---------------+-------------------------------------------------------------------------------+-----
Dodging        | 1 2 3 4 5 6 7 8 9 10 11 12 13 14 | 14.9
Axes           | 2 3 4 5 6 8 11 | 11.7
Armour         | 2 3 4 5 6 7 8 9 10 11 12 13 14 15 16 | 16.0
Invocations    | 3 4 5 6 7 8 10 12 13 14 15 16 17 18 19 20 | 20.7
Fighting       | 4 5 6 7 8 9 10 11 12 13 14 15 16 | 16.4
Shields        | 1 2 3 4 5 6 8 9 10 11 12 13 14 15 16 | 16.2
Long Blades    | 4 5 7 8 10 11 12 13 14 15 16 | 16.5
Throwing       | 1 |  1.3
Evocations     | |  0.3

Action                   |  1- 3 |  4- 6 |  7- 9 | 10-12 | 13-15 | 16-18 | 19-21 | 22-24 | 25-27 || total
-------------------------+-------+-------+-------+-------+-------+-------+-------+-------+-------++-------
Melee: Hand axe          |    94 |   139 |   362 |       |       |       |       |       |       ||   595
       Kick              |    15 |    29 |    93 |   210 |   408 |   595 |   833 |   760 |   298 ||  3241
       Scimitar          |       |       |       |   659 |   970 |  1010 |  1668 |  1271 |       ||  5578
       Bite              |       |       |       |       |    16 |   181 |   282 |   145 |       ||   624
       Unarmed           |       |       |       |       |       |       |     1 |       |       ||     1
       Broad axe         |       |       |       |       |       |       |       |   207 |   541 ||   748
Throw: Boomerang         |       |       |       |     8 |     3 |       |     2 |       |       ||    13
Invok: Depart the Abyss  |     1 |       |       |       |     1 |     1 |     4 |     3 |     1 ||    11
       Bend Space        |       |       |     1 |     2 |     1 |       |     4 |       |       ||     8
       Banish            |       |       |       |    15 |     5 |       |     4 |       |     4 ||    28
       Enter the Abyss   |       |       |       |     1 |       |     1 |     4 |     3 |     1 ||    10
       Corrupt           |       |       |       |       |     1 |       |     1 |       |       ||     2
Evoke: Wand              |       |     1 |     1 |       |     1 |       |       |     2 |       ||     5
  Use: Scroll            |     7 |     7 |    13 |     9 |    18 |    11 |    16 |    10 |     6 ||    97
       Potion            |     1 |       |       |     2 |    15 |     4 |     7 |     5 |     2 ||    36
 Stab: Invisible         |       |       |       |       |     2 |       |       |       |       ||     2
       Petrified         |       |       |       |       |     1 |       |       |       |       ||     1
       Confused          |       |       |       |       |       |       |       |     1 |       ||     1
       Distracted        |       |       |       |       |       |       |       |     3 |       ||     3
  Eat: Chunk             |     3 |     4 |    10 |    20 |    27 |    20 |    21 |    18 |     3 ||   126
       Ration            |       |       |       |     2 |     1 |     1 |     5 |     3 |     3 ||    15
Armor: Ring mail         |    34 |       |       |       |       |       |       |       |       ||    34
       Chain mail        |    18 |   108 |    87 |       |       |       |       |   192 |   296 ||   701
       Scale mail        |       |       |   143 |   614 |   623 |   129 |    77 |       |       ||  1586
       Plate armour      |       |       |       |       |       |   412 |   691 |   603 |       ||  1706
       Skin              |       |       |       |       |       |       |     3 |       |       ||     3
Dodge: Dodged            |    43 |    49 |   122 |   272 |   274 |   237 |   520 |   485 |   221 ||  2223
Block: Shield            |       |       |   121 |   479 |    60 |       |  1058 |  1600 |   635 ||  3953
       Large shield      |       |       |       |       |  1058 |  1244 |   771 |       |       ||  3073
       Rpst.: Scimitar   |       |       |       |    82 |    65 |    65 |   107 |    65 |       ||   384

Table legend:
 A = Non-vault XP
 B = Vault XP
 C = Vault XP percentage of total XP
 D = Non-vault monster count
 E = Vault monster count
 F = Vault count percentage of total count
                 A         B        C        D         E       F
            +---------+---------+-------+---------+---------+-------
      Total |  723757 |  617170 |  46.0 |    1600 |     845 |  34.6
            +---------+---------+-------+---------+---------+-------
        D:1 |      28 |       0 |   0.0 |      16 |       0 |   0.0
        D:2 |      92 |      36 |  28.1 |      18 |       1 |   5.3
        D:3 |     154 |       0 |   0.0 |      23 |       0 |   0.0
        D:4 |     190 |       0 |   0.0 |      21 |       0 |   0.0
        D:5 |     467 |     468 |  50.1 |      15 |       2 |  11.8
        D:6 |     546 |     310 |  36.2 |      13 |       2 |  13.3
        D:7 |     900 |    1239 |  57.9 |      18 |       7 |  28.0
        D:8 |     967 |     194 |  16.7 |      29 |       1 |   3.3
        D:9 |    1853 |      18 |   1.0 |      29 |       6 |  17.1
       D:10 |    2252 |    1877 |  45.5 |      18 |       7 |  28.0
       D:11 |    7824 |    1437 |  15.5 |      60 |       4 |   6.2
       D:12 |    4891 |    6069 |  55.4 |      32 |      16 |  33.3
       D:13 |    4989 |     110 |   2.2 |      27 |       6 |  18.2
       D:14 |    5917 |    8581 |  59.2 |      23 |      12 |  34.3
       D:15 |   24832 |   11689 |  32.0 |      43 |      17 |  28.3
     Lair:1 |    3214 |     118 |   3.5 |      16 |       2 |  11.1
     Lair:2 |    2780 |    2856 |  50.7 |      15 |      46 |  75.4
     Lair:3 |    4323 |    1766 |  29.0 |      17 |       6 |  26.1
     Lair:4 |    4535 |    3208 |  41.4 |      18 |      11 |  37.9
     Lair:5 |    5065 |    3761 |  42.6 |      21 |       2 |   8.7
     Lair:6 |   11177 |   12233 |  52.3 |      44 |      23 |  34.3
   Shoals:1 |   17471 |    7208 |  29.2 |      38 |      14 |  26.9
   Shoals:2 |    7856 |       0 |   0.0 |      17 |       0 |   0.0
   Shoals:3 |    4358 |    2587 |  37.2 |       8 |       7 |  46.7
   Shoals:4 |   11086 |   24478 |  68.8 |      23 |      35 |  60.3
    Snake:1 |   13457 |    5207 |  27.9 |      24 |       9 |  27.3
    Snake:2 |    9405 |    2195 |  18.9 |      16 |       2 |  11.1
    Snake:3 |   14168 |       0 |   0.0 |      29 |       0 |   0.0
    Snake:4 |   11737 |   58363 |  83.3 |      27 |      71 |  72.4
      Orc:1 |    8756 |    5036 |  36.5 |      64 |       9 |  12.3
      Orc:2 |    2713 |    7491 |  73.4 |      19 |      36 |  65.5
      Elf:1 |   18892 |    5309 |  21.9 |      29 |       8 |  21.6
      Elf:2 |   15111 |   35947 |  70.4 |      26 |      39 |  60.0
      Elf:3 |   21054 |   39122 |  65.0 |      40 |      25 |  38.5
   Vaults:1 |   17647 |   12985 |  42.4 |      40 |      17 |  29.8
   Vaults:2 |   34830 |   34572 |  49.8 |      56 |      39 |  41.1
   Vaults:3 |   27255 |   45021 |  62.3 |      43 |      60 |  58.3
   Vaults:4 |   58869 |   25604 |  30.3 |      89 |      28 |  23.9
   Vaults:5 |   66671 |   89883 |  57.4 |      76 |      55 |  42.0
    Crypt:1 |   32498 |       0 |   0.0 |      43 |       0 |   0.0
    Crypt:2 |   38639 |    6835 |  15.0 |      45 |       9 |  16.7
    Crypt:3 |       0 |   66536 | 100.0 |       0 |      87 | 100.0
     Tomb:1 |    5364 |   16064 |  75.0 |      18 |       9 |  33.3
   Depths:1 |   32864 |     647 |   1.9 |      45 |       1 |   2.2
   Depths:2 |   21800 |   21507 |  49.7 |      24 |      11 |  31.4
    Abyss:1 |   85696 |       0 |   0.0 |     135 |       0 |   0.0
    Abyss:2 |   58564 |       0 |   0.0 |     110 |       0 |   0.0
      IceCv |       0 |    1361 | 100.0 |       0 |       7 | 100.0
 Desolation |       0 |   40580 | 100.0 |       0 |      77 | 100.0
   Gauntlet |       0 |    6662 | 100.0 |       0 |      19 | 100.0
            +---------+---------+-------+---------+---------+-------
